 Dungeon Crawl Stone Soup version 0.21-a0-349-g0c35859 (webtiles) character file.

33 Hasart the Firebug (level 3, -3/19 HPs)
             Began as a Deep Elf Fire Elementalist on Oct 7, 2017.
             Slain by an adder (4 damage)
             ... on level 3 of the Dungeon.
             The game lasted 00:03:05 (1588 turns).

Hasart the Firebug (Deep Elf Fire Elementalist)     Turns: 1588, Time: 00:03:05

Health: -3/19      AC:  2    Str:  6    XL:     3   Next: 12%
Magic:  9/9        EV: 13    Int: 19    God:
Gold:   37         SH:  0    Dex: 15    Spells: 7/8 levels left

rFire    . . .     SeeInvis .   e - +0 dagger
rCold    . . .     Gourm    .   (no shield)
rNeg     . . .     Faith    .   a - +0 robe
rPois    .         Spirit   .   (no helmet)
rElec    .         Reflect  .   (no cloak)
rCorr    .         Harm     .   (no gloves)
MR       .....                  (no boots)
Stlth    ++........             (no amulet)
HPRegen  0.06/turn              (no ring)
MPRegen  0.11/turn              (no ring)

@: lethally poisoned (-3 -> -8)
A: no striking features
a: no special abilities


You were on level 3 of the Dungeon.
You were hungry.

You visited 1 branch of the dungeon, and saw 3 of its levels.

You collected 37 gold pieces.

Inventory:

Hand Weapons
 e - a +0 dagger (weapon)
Armour
 a - a +0 robe (worn)
Scrolls
 f - 3 scrolls of identify {unknown}
 h - a scroll of immolation {unknown}
Potions
 d - a potion of magic {unknown}
Books
 b - a book of Flames

   Spells                             Type                      Level
   a - Flame Tongue                   Conjuration/Fire             1
   b - Throw Flame                    Conjuration/Fire             2
   c - Conjure Flame                  Conjuration/Fire             3
   d - Inner Flame                    Hexes/Fire                   3
   e - Sticky Flame                   Conjuration/Fire             4
   f - Fireball                       Conjuration/Fire             5
Comestibles
 c - 2 bread rations


   Skills:
 - Level 2.4 Dodging
 - Level 2.4 Stealth
 + Level 3.4 Spellcasting
 * Level 1.5 Conjurations
 * Level 4.3 Fire Magic


You had 7 spell levels left.
You knew the following spells:

 Your Spells              Type           Power        Failure   Level  Hunger
a - Flame Tongue          Conj/Fire      ##...        4%          1    None


Dungeon Overview and Level Annotations

Branches:
Dungeon (3/15)

Altars:

Annotations:
D:1 1 runed door


Message History

The adder is lightly wounded.
The adder bites you.
You closely miss the adder.
The adder is lightly wounded.
The adder bites you.
* * * LOW HITPOINT WARNING * * *
You are lethally poisoned!
The adder poisons you! The adder completely misses you.
You hit the adder but do no damage.
The adder is lightly wounded.
* * * LOW HITPOINT WARNING * * *
You feel sick. The adder bites you but does no damage.
You closely miss the adder.
The adder is lightly wounded.
The adder closely misses you.
You hit the adder.
The adder is moderately wounded.
* * * LOW HITPOINT WARNING * * *
You feel sick. The adder bites you.
You die...

#<....#
##....#
##..#.#
#...# #
#..##
#..#
#..#
#..#
#.@#
#.S#
#..#
#..#
#..#
#..#
....
#...


You could see an adder.

Vanquished Creatures
  An adder (D:2)
  A worm (D:2)
  An orc (D:3)
  A bat (D:2)
  A giant cockroach (D:2)
  4 goblins
  A hobgoblin (D:2)
  3 jackals (D:2)
  A frilled lizard (D:2)
  3 kobolds
  2 rats (D:1)
19 creatures vanquished.

Notes
Turn   | Place    | Note
-------+----------+-------------------------------------------
     0 | D:1      | Hasart the Deep Elf Fire Elementalist began the quest for the Orb.
     0 | D:1      | Reached XP level 1. HP: 10/10 MP: 6/6
     1 | D:1      | Found a runed door.
   814 | D:2      | Reached XP level 2. HP: 5/15 MP: 1/8
  1029 | D:2      | Reached skill level 4 in Fire Magic
  1360 | D:2      | Reached XP level 3. HP: 19/19 MP: 5/9
  1588 | D:3      | Slain by an adder

Vault maps used:
D:1:      dpeg_arrival_caged_fury, minmay_misc_feat_alley
D:3:      first_bread, xom_teletrap_fun, uniq_terence

Skill      XL: |  1  2 |
---------------+-------+-----
Fire Magic     | 4 |  4.3
Dodging        | |  2.4
Stealth        | |  2.4
Spellcasting   | |  3.4
Conjurations   | |  1.5

Action                   || total
-------------------------++-------
Melee: Dagger            ||    25
 Cast: Flame Tongue      ||    38
  Eat: Chunk             ||     1
Armor: Robe              ||    13
Dodge: Dodged            ||    55

Table legend:
 A = Spawn XP
 B = Non-spawn XP
 C = Spawn XP percentage of total XP
 D = Spawn monster count
 E = Non-spawn monster count
 F = Spawn count percentage of total count
 G = Total turns spent on level
                    A         B        C        D         E        F      G
               +---------+---------+-------+---------+---------+-------+---------
         Total |       0 |      48 |   0.0 |       0 |      19 |   0.0 |  1588
               +---------+---------+-------+---------+---------+-------+---------
           D:1 |       0 |       7 |   0.0 |       0 |       5 |   0.0 |  1203
           D:2 |       0 |      38 |   0.0 |       0 |      13 |   0.0 |   359
           D:3 |       0 |       3 |   0.0 |       0 |       1 |   0.0 |    26
               +---------+---------+-------+---------+---------+-------+---------
